AoeStats
← Death_Rider

Fortress

510469815Analyzed
1v1 RM · 3d ago on Oct 1, 2026· 74m 48s· 2 players
Game mode
Random Map
Map size
Small (3 player)
Population
200
Speed
Normal
Resources
Standard
Victory
Conquest
Starting age
Dark Age
Ending age
Imperial Age
RankedLock teamsTeams togetherTeam positionsShared explorationLock speedFull tech treeHidden civsTurbo modeCheats
Victory
Defeat
🇹🇼 Saxons · Taiwan
972
+16
🇩🇪 Lithuanians · Germany
978
-16
asd5asdroylin
7:49 Feudal Age
8:13 Feudal Age
9:25 Double-Bit Axe
12:24 Castle Age
11:59 Loom
12:50 Wheelbarrow
12:04 Horse Collar
14:19 Bow Saw
16:18 Heavy Plow
20:08 Bloodlines
26:41 Imperial Age
24:33 Hand Cart
24:59 Gold Mining
25:00 Stone Mining
25:45 Scale Mail Armor
25:18 Pikeman
26:00 Squires
27:42 Ballistics
27:14 Fletching
27:42 Chain Mail Armor
29:01 Two-Man Saw
28:34 Halberdier
30:06 Plate Mail Armor
29:47 Forging
30:18 Treadmill Crane
31:39 Chemistry
31:09 Town Watch
32:25 Iron Casting
31:46 Bodkin Arrow
32:58 Conscription
32:00 Shield Wall
38:16 Elite Skirmisher
39:04 Thumb Ring
40:16 Siege Engineers
40:18 Bracer
40:19 Padded Archer Armor
41:14 Crop Rotation
42:25 Elite Hearth Troop
43:26 Leather Archer Armor
43:14 Arson
44:21 Masonry
44:43 Ring Archer Armor
53:10 Capped Ram
57:56 Siege Ram
59:46 Light Cavalry
60:35 Scale Barding Armor
66:33 Hussar
67:14 Husbandry
75:25 Chain Barding Armor
Death_Rider
6:34 Feudal Age
7:00 Double-Bit Axe
7:00 Horse Collar
8:39 Loom
12:37 Castle Age
13:50 Husbandry
15:00 Gold Mining
15:39 Light Cavalry
16:56 Town Watch
17:49 Loom
21:49 Bloodlines
23:39 Ballistics
23:30 Masonry
23:14 Fletching
23:34 Scale Barding Armor
24:02 Heavy Plow
25:09 Forging
27:02 Bow Saw
27:48 Town Patrol
30:38 Imperial Age
29:33 Wheelbarrow
29:18 Hill Forts
29:54 Stone Mining
30:49 Iron Casting
30:35 Chain Barding Armor
30:23 Bodkin Arrow
30:30 Padded Archer Armor
30:24 Guard Tower
31:35 Stone Shaft Mining
30:57 Cavalier
32:02 Conscription
32:22 Hoardings
33:41 Chemistry
32:23 Treadmill Crane
33:06 Bracer
33:25 Heavy Cavalry Archer
34:31 Thumb Ring
35:37 Plate Barding Armor
36:49 Hand Cart
36:51 Leather Archer Armor
36:57 Paladin
37:48 Elite Skirmisher
40:00 Two-Man Saw
41:04 Ring Archer Armor
42:18 Keep
42:15 Architecture
43:27 Crop Rotation
43:12 Winged Hussar
44:05 Murder Holes
44:57 Elite Leitis
49:34 Fortified Wall
49:14 Heated Shot
55:11 Scale Mail Armor
59:45 Chain Mail Armor
59:25 Pikeman
60:05 Squires
61:20 Arson
63:53 Halberdier
Connection lost

Rejoining the realm…

Still unreachable

The connection could not be restored.

Session expired

The server has moved on; the page needs a fresh start.